 Dungeon Crawl Stone Soup version 0.31-a0-841-g038b102fc3 (webtiles) character file.

Game seed: 4206447368028056636

98 Shayle the Trooper (level 4, -8/31 HPs)
             Began as a Demonspawn Reaver on Sept 28, 2023.
             Was an Initiate of Kikubaaqudgha.
             Mangled by a gnoll
             ... wielding a +0 spear
              (10 damage)
             ... on level 3 of the Dungeon.
             The game lasted 00:03:54 (1984 turns).

Shayle the Trooper (Demonspawn Reaver)              Turns: 1984, Time: 00:03:55

Health: -8/31      AC:  3    Str: 12      XL:     4   Next: 43%
Magic:  7/7        EV: 11    Int: 13 (16) God:    Kikubaaqudgha [......]
Gold:   152        SH:  0    Dex: 10 (12) Spells: 6/7 levels left

rFire   . . .        g - +3 dagger
rCold   . . .        (no shield)
rNeg    . . .        b - +0 leather armour
rPois   .            (helmet restricted)
rElec   .            (no cloak)
rCorr   .            (no gloves)
SInv    .            (no boots)
Will    .....        (no amulet)
Stlth   +            (no ring)
HPRegen 0.25/turn    (no ring)
MPRegen 0.10/turn

%: no passive effects
@: no status effects
A: demonic guardian 1, horns 1, frail 1
a: Renounce Religion


You were on level 3 of the Dungeon.
You worshipped Kikubaaqudgha.
Kikubaaqudgha was noncommittal.
You visited 1 branch of the dungeon, and saw 3 of its levels.

You collected 152 gold pieces.

Inventory:

Hand Weapons
 a - a +0 spear
 g - a +3 dagger (weapon)
Armour
 b - a +0 leather armour (worn)
Scrolls
 c - a scroll of immolation
 d - 2 scrolls of teleportation
 e - 2 scrolls of noise
 f - 2 scrolls of identify
 i - a scroll of vulnerability
 j - a scroll of butterflies


   Skills:
 + Level 3.2 Fighting
 - Level 2.6 Polearms
 + Level 2.0 Armour
 - Level 1.7 Dodging
 - Level 2.0 Spellcasting
 - Level 3.0 Conjurations
 + Level 2.3 Necromancy


You had 6 spell levels left.
You knew the following spells:

 Your Spells              Type           Power      Damage    Failure   Level
a - Kiss of Death         Conj/Necr      32%        2d7       11%         1

Your spell library contained the following spells:

 Spells                   Type           Power      Damage    Failure   Level
 Momentum Strike          Conj/Tloc      10%        3d8       26%         2
 Blink                    Tloc           2%         N/A       43%         2
 Lesser Beckoning         Tloc           2%         N/A       43%         2
 Hailstorm                Conj/Ice       5%         3d4       45%         3


Dungeon Overview and Level Annotations

Branches:
Dungeon (3/15)

Altars:
Hepliaklqana
Kikubaaqudgha
Vehumet


Innate Abilities, Weirdness & Mutations

A weak demonic guardian rushes to your aid.
You have a pair of small horns on your head.
You are frail. (-10% HP)


Message History

Found a stone staircase leading down.
No target in view!
There is a stone staircase leading down here.
There is an escape hatch in the ceiling here.
A gnoll comes into view. It is wielding a +0 halberd.
The gnoll shouts!
You hear a shout!
The gnoll moves out of view.
A gnoll comes into view. It is wielding a +0 flail.
The gnoll shouts!
You hear a shout!
A gnoll comes into view. It is wielding a +0 spear.
There are monsters nearby!
There are monsters nearby!
You hit the gnoll but do no damage.
The gnoll hits you from afar with a +0 spear!
A kobold comes into view. It is wielding a +0 whip.
There are monsters nearby!
You hit the gnoll. Your headbutt misses the gnoll.
The gnoll is moderately wounded.
The gnoll barely misses you.
The gnoll hits you from afar with a +0 spear.
There are monsters nearby!
You hit the gnoll but do no damage.
The gnoll is moderately wounded.
The gnoll hits you with a +0 flail!
* * * LOW HITPOINT WARNING * * *
The gnoll barely misses you.
You hit the gnoll.
The gnoll is severely wounded.
The gnoll barely misses you. x2
You hit the gnoll.
The gnoll is severely wounded.
The gnoll hits you with a +0 flail!
* * * LOW HITPOINT WARNING * * *
A demonic guardian appears!
The gnoll completely misses you.
You hit the gnoll but do no damage. You headbutt the gnoll.
You kill the gnoll!
Kikubaaqudgha accepts your kill.
The gnoll hits you from afar with a +0 spear!
You die...
Kikubaaqudgha rasps: "You have failed me!
Welcome... death!"

##### #... ###.### ####
#....5# #..# #.#.#@#
#..# #.#...)ggK... #..#
#<###########
#..#####.##########
#.................#
#####.######.########.#
..............# #.#
###### #####.######..#
#.# #..... ..#
#.######.(# #.# #.####


You could see 2 gnolls, a kobold and a friendly quasit (summoned).

Vanquished Creatures
  Jessica (D:3)
  A gnoll (D:3)
  2 adders (D:2)
  A dart slug (D:1)
  3 endoplasms
  4 giant cockroaches
  6 goblins
  4 hobgoblins
  4 jackals (D:2)
  4 bats
  2 frilled lizards (D:1)
  4 kobolds
  6 rats
42 creatures vanquished.

Vanquished Creatures (collateral kills)
  An adder (D:3)
  A hobgoblin (D:2)
2 creatures vanquished.

Grand Total: 44 creatures vanquished

Notes
Turn   | Place    | Note
-------+----------+-------------------------------------------
     0 | D:1      | Shayle the Demonspawn Reaver began the quest for the Orb.
     0 | D:1      | Reached XP level 1. HP: 16/16 MP: 3/3
    74 | D:1      | Gained mutation: A weak demonic guardian rushes to your
                  | aid. [demonic ancestry]
    74 | D:1      | Reached XP level 2. HP: 22/22 MP: 5/5
   111 | D:1      | Reached skill level 1 in Necromancy
   377 | D:1      | Reached skill level 1 in Armour
   741 | D:2      | Reached XP level 3. HP: 4/28 MP: 6/6
  1388 | D:3      | Found a hazy altar of Hepliaklqana.
  1473 | D:3      | Found a radiant altar of Vehumet.
  1583 | D:3      | Reached XP level 4. HP: 29/35 MP: 7/7
  1623 | D:3      | Found an ancient bone altar of Kikubaaqudgha.
  1628 | D:3      | Became a worshipper of Kikubaaqudgha
  1757 | D:3      | Noticed Jessica
  1770 | D:3      | Killed Jessica
  1864 | D:3      | Gained mutation: You are weak. (Str -2) [potion of
                  | mutation]
  1864 | D:3      | Gained mutation: Your system is resistant to poisons.
                  | (rPois) [potion of mutation]
  1864 | D:3      | Lost mutation: Your system is resistant to poisons. (rPois)
                  | [potion of mutation]
  1865 | D:3      | Lost mutation: You are weak. (Str -2) [potion of mutation]
  1865 | D:3      | Gained mutation: You are frail. (-10% HP) [potion of
                  | mutation]
  1865 | D:3      | Gained mutation: You have a pair of small horns on your
                  | head. [potion of mutation]
  1983 | D:3      | HP: 1/31 [gnoll/+0 flail (8)]
  1984 | D:3      | Mangled by a gnoll

Illustrated notes

Levels and vault maps discovered:
D:1:      heliophobic_arrival_dark_side_of_the_moon, layout_basic, serial_glass,
          glass_columns_a, glass_columns_c, glass_columns_c, glass_columns_a
D:2:      layout_basic
D:3:      layout_loops_ring, mainiacjoe_overflow_brackets,
          nicolae_kikubaaqudgha_miasma_corner, mainiacjoe_overflow_24_doors,
          uniq_jessica

Skill      XL: |  1  2  3  4 |
---------------+-------------+-----
Necromancy     | 1 2 |  2.3
Armour         | 1 2 |  2.0
Fighting       | 3 |  3.2
Polearms       | |  2.6
Dodging        | |  1.7
Spellcasting   | |  2.0
Conjurations   | |  3.0

Action                     |  1- 3 |  4- 6 || total
---------------------------+-------+-------++-------
  Melee: Spear             |    50 |       ||    50
         Dagger            |    85 |    22 ||   107
         Punch             |     1 |       ||     1
         Headbutt          |       |     1 ||     1
    Use: Potion            |     3 |     2 ||     5
         Scroll            |       |     6 ||     6
   Stab: Invisible         |     2 |       ||     2
 Armour: Leather armour    |    68 |    15 ||    83
  Dodge: Dodged            |    67 |    11 ||    78

Table legend: (Time is in decaauts)
 A = Elapsed time spent in this place.
 B = Non-inter-level travel time spent in this place.
 C = Inter-level travel time spent in this place.
 D = Time resting spent in this place.
 E = Time spent auto-exploring this place.
 F = Levels seen in this place.
 G = Mean time per level.
                   A        B        C        D        E       F      G
               +--------+--------+--------+--------+--------+-----+--------+
         Total |   1981 |   1926 |     55 |    113 |   1414 |   3 |  660.3 |
       Dungeon |   1981 |   1926 |     55 |    113 |   1414 |   3 |  660.3 |
               +--------+--------+--------+--------+--------+-----+--------+

Top non-repeatable levels by time:
     D:2: 761 daAuts
     D:3: 645 daAuts
     D:1: 574 daAuts
